 Dungeon Crawl Stone Soup version 0.29-a0-721-g7f417c9bbb (webtiles) character file.

Game seed: 2243060243388240372

253618 crusatyr the Impregnable (level 19, -2/152 (179) HPs)
             Began as a Minotaur Berserker on June 28, 2022.
             Was a High Priest of Trog.
             Slain by a vault warden
             ... wielding a +0 glaive
              (12 damage)
             ... on level 1 of the Vaults.
             The game lasted 01:13:59 (34076 turns).

crusatyr the Impregnable (Minotaur Berserker)      Turns: 34076, Time: 01:14:00

HP:   -2/152 (179)  AC: 22    Str: 35    XL:     19   Next: 0%
MP:   18/18         EV: 16    Int:  9    God:    Trog [*****.]
Gold: 4004          SH: 25    Dex: 12    Spells: 18/18 levels left

rFire   + + .      SeeInvis +   W - +8 flail "Tattletale" {vamp, rF+ Str+4}
rCold   + . .      Faith    .   g - +5 kite shield of Qeitoam {rElec Stlth+}
rNeg    . . .      Spirit   .   K - +1 chain mail of Filth {Will+ Int+3 SInv Stlth+}
rPois   +          Reflect  +   t - +2 hood of the Assassin {Detection Stab+ Stlth++}
rElec   +          Harm     .   Q - scarf {rC+ rF+}
rCorr   .          Rampage  .   Y - +2 pair of gloves {Str+3}
Will    ++...                   x - +2 pair of boots
Stlth   ++........              q - amulet of reflection
HPRegen 1.35/turn               S - ring of poison resistance
MPRegen 0.16/turn               z - ring of Ascent {Str+4 Slay+4}

@: weak-willed, strong-willed, on berserk cooldown, regenerating, slowed,
studying Maces & Flails, heavily drained, very slow
A: horns 2, retaliatory headbutt, clumsy 1, deformed body, subdued magic 1
}: 2/15 runes: decaying, gossamer
a: Renounce Religion, Berserk, Trog's Hand, Brothers in Arms


You were on level 1 of the Vaults.
You worshipped Trog.
Trog was extremely pleased with you.
You visited 6 branches of the dungeon, and saw 30 of its levels.
You also visited: Ossuary and Volcano.

You collected 4999 gold pieces.
You spent 995 gold pieces at shops.

Inventory:

Hand Weapons
 M - a +5 morningstar of chaos
 N - the +10 great mace of Gehenna {vorpal, rF+ Dex+2}
   (Trog gifted it to you on level 8 of the Dungeon)

   It inflicts extra damage upon your enemies.
   Dex:       It affects your dexterity (+2).
   rF:        It protects you from fire.
 W - the +8 flail "Tattletale" (weapon) {vamp, rF+ Str+4}
   (You found it on level 1 of the Lair of Beasts)

   It occasionally heals its wielder for a portion of the damage dealt when it
   wounds a living foe.
   Str:       It affects your strength (+4).
   rF:        It protects you from fire.
Armour
 g - the +5 kite shield of Qeitoam (worn) {rElec Stlth+}
   (You acquired it on level 3 of the Swamp)

   rElec:     It insulates you from electricity.
   Stlth:     It makes you more stealthy.
 t - the +2 hood of the Assassin (worn) {Detection Stab+ Stlth++}
   (You acquired it on level 4 of the Lair of Beasts)

   It allows the wearer to sense nearby creatures.
   It allows the wearer to make particularly effective stabbing attacks against
   helpless or unaware enemies with any weapon.
   Stlth:     It makes you much more stealthy.
 x - a +2 pair of boots (worn)
 E - a +2 plate armour of fire resistance
 K - the +1 chain mail of Filth (worn) {Will+ Int+3 SInv Stlth+}
   (You found it on level 7 of the Dungeon)

   Int:       It affects your intelligence (+3).
   SInv:      It lets you see invisible.
   Will:      It increases your willpower.
   Stlth:     It makes you more stealthy.
 Q - a scarf of resistance (worn)
 Y - a +2 pair of gloves of strength (worn)
Jewellery
 k - a +4 ring of protection
 q - an amulet of reflection (around neck)
 s - a +4 ring of evasion
 y - a ring of protection from fire
 z - the ring of Ascent (right hand) {Str+4 Slay+4}
   (You found it on level 4 of the Dungeon)

   [ring of slaying]

   Str:       It affects your strength (+4).
   Slay:      It affects your accuracy & damage with ranged weapons and melee
   (+4).
 P - a ring of protection from cold
 S - a ring of poison resistance (left hand)
 X - the ring of Muim {Fly rElec rCorr Dex-3 Stlth+}
   (You found it on level 1 of the Lair of Beasts)

   [ring of flight]

   Dex:       It affects your dexterity (-3).
   rElec:     It insulates you from electricity.
   Fly:       It grants you flight.
   rCorr:     It protects you from acid and corrosion.
   Stlth:     It makes you more stealthy.
Wands
 b - a wand of mindburst (6)
 e - a wand of polymorph (12)
 v - a wand of quicksilver (39)
 w - a wand of paralysis (19)
 F - a wand of flame (38)
 I - a wand of iceblast (38)
 R - a wand of digging (8)
Scrolls
 a - 6 scrolls of identify
 c - 5 scrolls of vulnerability
 f - a scroll of summoning
 i - 2 scrolls of blinking
 r - 4 scrolls of enchant armour
 u - 6 scrolls of enchant weapon
 A - 12 scrolls of teleportation
 C - a scroll of torment
 G - 3 scrolls of fog
 H - 2 scrolls of poison
 O - 3 scrolls of immolation
 U - 2 scrolls of fear
 V - 4 scrolls of magic mapping
Potions
 d - 11 potions of curing
 h - 2 potions of berserk rage
 j - 10 potions of mutation
 l - 12 potions of attraction
 m - 8 potions of cancellation
 n - 3 potions of resistance
 o - 10 potions of ambrosia
 p - 10 potions of lignification
 D - 6 potions of might
 J - 5 potions of magic
 L - 3 potions of invisibility
 T - 3 potions of haste
 Z - 2 potions of flight


   Skills:
 + Level 17.8 Fighting
 - Level 12.9(17.3) Axes
 - Level 18.5(20.0) Maces & Flails
 + Level 21.2 Armour
 + Level 18.1 Dodging
 + Level 19.8 Shields


You had 18 spell levels left.
You didn't know any spells.
Your spell library was empty.

Dungeon Overview and Level Annotations

Branches:
Dungeon (14/15)            Temple (0/1) D:4            Lair (5/6) D:11
  Swamp (4/4) Lair:3       Spider (4/4) Lair:2          Orc (2/2) D:11
    Elf (0/3) Orc:2        Vaults (1/5) D:14        Ossuary (visited)
Volcano (visited)
  Slime: Lair:5-6

Altars:
Fedhas
Hepliaklqana
Kikubaaqudgha
Okawaru
Qazlal
Yredelemnul
The Shining One
Jiyva

Shops:
D:11 (   Orc:2 ![*!

Annotations:
D:13 1 transporter
Lair:1 exclusion: oklob plant
Lair:4 3 runed translucent doors, marklar909's ghost, journeyman PaAK


Innate Abilities, Weirdness & Mutations

You have a pair of horns on your head.
You reflexively headbutt those who attack you in melee.
You are clumsy. (Dex -2)
Armour fits poorly on your strangely shaped body.
Your spells are a little easier to cast, but a little less powerful.


Message History

Your deep troll bites the ogre mage!!
Your deep troll claws the ogre mage. x2
The brown very ugly thing basks in the mutagenic energy from its kin and changes!
The deep elf death mage beckons forth a restless soul!
You block the vault guard's attack. x2; You block the vault warden's attack.
The stone giant closely misses you.
You bludgeon the vault guard!!
You feel better.
The vault guard is moderately wounded.
The vault warden seems less brilliant.
The ogre mage seems less brilliant.
Your deep troll bites the ogre mage!
Your deep troll claws the ogre mage!
The lost soul assumes the form of the ogre mage and becomes anchored to this world!
Your deep troll claws the ghostly ogre mage!
The white very ugly thing barely misses you.
You furiously retaliate!
You headbutt the white very ugly thing.
Your troll bites the stone giant.
Your troll claws the stone giant but does no damage. x2
The ghostly ogre mage hits your deep troll with a +0 whip.
The vault guard hits you but does no damage.
You block the vault guard's attack. You block the stone giant's attack.
The vault warden barely misses you.
The deep elf death mage casts a spell at you.
The bolt of negative energy hits you!!!
You feel drained.
* * * LOW HITPOINT WARNING * * *
The vault warden is empowered by the deep elf high priest's aura!
The ghostly ogre mage is empowered by the deep elf high priest's aura!
Your deep troll closely misses the ghostly ogre mage.
Your deep troll claws the ghostly ogre mage.
Your deep troll claws the ghostly ogre mage!!
You feel much better.
The runic seals fade away.
Your troll bites the stone giant!
Your troll claws the stone giant!
Your troll claws the stone giant.
Your deep troll barely misses the ghostly ogre mage. x3
The white very ugly thing basks in the mutagenic energy from its kin and changes!
The deep elf death mage casts a spell at you.
The bolt of negative energy hits you!!
You feel drained.
* * * LOW HITPOINT WARNING * * *
The vault guard barely misses you. You furiously retaliate!
You headbutt the vault guard, but do no damage.
You block the stone giant's attack. You block the vault guard's attack.
The vault warden hits you from afar with a +0 glaive!
You die...

##++## #....# #....#
###############+#######
.......#........T.....#
.#.#.#.#.......uC.....#
.#.#.#.'..''''Hu@p''..#
######.#..'+++Oep++'..#
...#...#..++++ecp+++..#
##.###.#..+++.(OT+++..#
.....#.#..+++.||.+++..#
##.###.#..+++....+ +..#
....)#.#..+++[:.)+++..#
##.###.#..+


++++++ +..# .#.#...#..+ +..# You could see 2 very ugly things, a sphinx
(empowered), a stone giant (ally target), a vault warden (empowered), a yaktaur
captain, 2 vault guards, a deep elf death mage (empowered), an ogre mage
(empowered, invisible), a ghostly ogre mage (empowered, ally target), a deep elf
high priest (brilliance aura), a friendly deep troll (summoned, berserk) and a
friendly troll (summoned, berserk).

Vanquished Creatures
  Mlioglotl (Spider:4)
  Jorgrun (Swamp:2)
  Gastronok (Lair:3)
  2 sphinxes
  2 thorn hunters
  A fenstrider witch (Swamp:3)
  Donald (Orc:2)
  4 emperor scorpions
  A vault warden (Vaults:1)
  A ghost moth (Spider:4)
  5 ironbound preservers (Vaults:1)
  A very ugly thing (Vaults:1)
  7 broodmothers
  An ironbound thunderhulk (Vaults:1)
  4 bunyips
  4 eleionomae
  3 spark wasps
  6 entropy weavers
  A deep elf death mage (Vaults:1)
  A fire dragon (Volcano)
  A yaktaur captain (Vaults:1)
  4 vault guards (D:14)
  Harold (Orc:1)
  A ghost crab (Swamp:1)
  5 ogre magi
  A jorogumo (Spider:4)
  A spriggan air mage (Swamp:4)
  A death knight (D:14)
  8 radroaches
  3 boulder beetles
  19 hydras
  An ironbound frostheart (Vaults:1)
  10 centaur warriors
  19 two-headed ogres
  6 death yaks (Lair:4)
  A tengu warrior (D:14)
  13 alligators
  A deep troll earth mage (D:13)
  Urug (Orc:1)
  A spriggan berserker (Swamp:4)
  3 sun moths
  Sonja (Orc:2)
  Nergalle (Lair:4)
  6 goliath frogs
  4 pharaoh ants
  2 steelbarb worms (Spider:4)
  6 spriggan druids
  17 deep trolls (Vaults:1)
  3 orb spiders
  A deep elf archer (D:14)
  10 wizards
  10 bog bodies
  Pikel (D:8)
  3 phantasmal warriors
  6 swamp dragons
  8 lindwurms
  4 orc knights
  An ironbound convoker (Vaults:1)
  2 deep elf pyromancers (D:14)
  10 ugly things
  18 wolf spiders
  3 will-o-the-wisps
  2 orc sorcerers
  6 manticores
  9 cyclopes
  12 elephants (Lair:5)
  3 moths of wrath
  A salamander (shapeshifter) (D:14)
  6 black mambas
  Maurice (D:8)
  2 vault sentinels (Vaults:1)
  A molten gargoyle (Volcano)
  4 gargoyles
  4 torpor snails
  10 yaktaurs
  Maggie (D:7)
  A rime drake (shapeshifter) (D:13)
  A cane toad (Lair:2)
  8 rime drakes (Lair:5)
  4 kobold demonologists
  2 unseen horrors
  A freezing wraith (D:14)
  7 demonic crawlers
  11 komodo dragons
  A tengu conjurer (D:13)
  7 trolls
  A polar bear (Lair:4)
  A queen bee (Lair:3)
  16 tarantellas
  8 meliai
  8 tyrant leeches
  4 hornets
  7 slime creatures
  A dream sheep (Lair:4)
  25 blink frogs
  8 spriggans
  12 jumping spiders
  4 vampires
  A shadow (D:9)
  18 culicivoras
  A centaur simulacrum (D:13)
  Eustachio (D:6)
  A human (D:14)
  2 wraiths
  39 yaks
  13 basilisks
  5 fire bats (Volcano)
  12 wyverns
  2 steam dragons
  16 vampire mosquitoes
  31 redbacks
  A warg (Orc:1)
  2 acid dragons
  11 swamp worms
  10 water moccasins
  9 swamp drakes
  3 hell hounds
  An ice beast (D:8)
  13 orc warriors
  7 black bears
  11 ogres
  5 wolves (Lair:4)
  6 centaurs
  2 phantoms (D:6)
  An elf zombie (Ossuary)
  2 lemures (D:8)
  9 kobold brigands
  A gnoll sergeant (D:5)
  A necrophage (D:5)
  15 bullfrogs
  5 scorpions
  16 wights
  20 killer bees
  12 howler monkeys
  2 electric eels (Lair:3)
  2 centaur zombies (Ossuary)
  8 lava snakes (Volcano)
  2 hounds (D:5)
  3 human zombies (Ossuary)
  9 orc priests
  3 jellies
  2 gnoll shamans
  4 orc wizards
  7 iguanas
  4 hell rats (Lair:5)
  2 mummies (Ossuary)
  21 gnolls
  6 adders
  A shadow imp (D:5)
  A white imp (D:7)
  3 adder zombies (Ossuary)
  2 worms
  A worm (shapeshifter) (D:14)
  A dart slug (D:1)
  50 orcs
  2 bats (D:2)
  8 endoplasms
  2 giant cockroaches
  14 hobgoblins
  4 jackals (D:4)
  8 quokkas
  15 ball pythons
  3 frilled lizards
  12 goblins
  9 hobgoblin zombies (Ossuary)
  2 jackal zombies (Ossuary)
  37 kobolds
  10 kobold zombies (Ossuary)
  6 orc zombies (Ossuary)
  8 rats
  A rat zombie (Ossuary)
  2 briar patches (Swamp:4)
1048 creatures vanquished.

Vanquished Creatures (collateral kills)
  A fire giant (D:13)
  A stone giant (Vaults:1)
  A broodmother (Spider:2)
  A deep elf annihilator (D:13)
  Azrael (Orc:2)
  A yaktaur captain (D:13)
  A shambling mangrove (Swamp:2)
  An ogre mage (Orc:2)
  2 alligators
  2 two-headed ogres (Orc:2)
  2 deep troll earth magi (D:13)
  3 deep trolls (Vaults:1)
  2 orb spiders
  2 swamp dragons (Swamp:4)
  A wolf spider (Spider:4)
  2 demonic crawlers (Spider:4)
  A yaktaur (Vaults:1)
  A tyrant leech (Swamp:4)
  3 tarantellas
  A slime creature (Vaults:1)
  4 jumping spiders
  3 culicivoras
  2 fire elementals (Orc:2)
  A redback (Spider:2)
  A hell hound (Orc:2)
  A swamp drake (Swamp:4)
  A black bear (shapeshifter) (D:13)
  13 ogres (Orc:2)
  3 orcs (Orc:2)
59 creatures vanquished.

Vanquished Creatures (others)
  A hydra (Swamp:1)
  2 spriggans (Swamp:1)
  5 bloated husks
  3 hornets
  A basilisk (D:14)
  A fire elemental (Orc:2)
  A swamp worm (Swamp:1)
  4 briar patches (Swamp:4)
  12 foxfires
  20 fungi
  18 plants
68 creatures vanquished.

Grand Total: 1175 creatures vanquished

Notes
Turn   | Place    | Note
-------+----------+-------------------------------------------
     0 | D:1      | crusatyr the Minotaur Berserker began the quest for the
                  | Orb.
     0 | D:1      | Reached XP level 1. HP: 19/19 MP: 0/0
   336 | D:1      | Reached XP level 2. HP: 26/26 MP: 1/1
  1405 | D:2      | Reached skill level 5 in Axes
  1405 | D:2      | Reached XP level 3. HP: 25/31 MP: 2/2
  1999 | D:2      | Reached XP level 4. HP: 37/39 MP: 3/3
  2115 | D:2      | Reached ** piety under Trog
  2273 | D:2      | Reached skill level 3 in Armour
  2851 | D:3      | Found a transporter.
  2907 | D:3      | Found a transporter.
  3294 | D:3      | Reached XP level 5. HP: 45/45 MP: 4/4
  3295 | D:3      | Reached skill level 1 in Shields
  3912 | D:4      | Found a basalt altar of Yredelemnul.
  3918 | D:4      | Identified the ring of Ascent {Str+4 Slay+4}
  3964 | D:4      | Found a staircase to the Ecumenical Temple.
  4134 | D:4      | Reached *** piety under Trog
  4567 | D:4      | Reached XP level 6. HP: 51/51 MP: 5/5
  4668 | D:5      | Entered Level 5 of the Dungeon
  4850 | D:5      | Reached skill level 4 in Armour
  5188 | D:5      | Reached XP level 7. HP: 57/57 MP: 6/6
  5424 | D:5      | Found a glowing golden altar of the Shining One.
  5426 | D:5      | Found a hazy altar of Hepliaklqana.
  5426 | D:5      | Found an ancient bone altar of Kikubaaqudgha.
  5737 | D:5      | Reached skill level 5 in Shields
  5893 | D:6      | Reached skill level 5 in Armour
  5944 | D:6      | Reached **** piety under Trog
  5945 | D:6      | Reached XP level 8. HP: 47/64 MP: 7/7
  6524 | D:6      | Noticed Eustachio
  6561 | D:6      | Reached skill level 6 in Armour
  6569 | D:6      | Killed Eustachio
  6570 | D:6      | Reached skill level 10 in Axes
  6771 | D:6      | Reached skill level 7 in Armour
  7161 | D:7      | Reached XP level 9. HP: 70/70 MP: 8/8
  7248 | D:7      | Found a sand-covered staircase.
  7253 | Ossuary  | Entered an ossuary
  7277 | Ossuary  | Reached ***** piety under Trog
  7552 | D:7      | Noticed an eight-headed hydra
  7560 | D:7      | Killed an eight-headed hydra
  7561 | D:7      | Reached skill level 8 in Armour
  7563 | D:7      | Identified the +1 chain mail of Filth {Will+ Int+3 SInv
                  | Stlth+}
  7712 | D:7      | Identified the +9 mace "Tihew" {speed, Fragile rPois Str+6
                  | SInv}
  7979 | D:7      | Reached skill level 1 in Maces & Flails
  8202 | D:7      | Found an iron altar of Okawaru.
  8233 | D:7      | Noticed Maggie
  8238 | D:7      | Killed Maggie
  8239 | D:7      | Reached skill level 9 in Armour
  8532 | D:8      | Reached XP level 10. HP: 77/77 MP: 9/9
  8547 | D:8      | Noticed Maurice
  8554 | D:8      | Killed Maurice
  8555 | D:8      | Reached skill level 5 in Maces & Flails
  8761 | D:8      | Identified the +10 great mace of Gehenna {vorpal, rF+
                  | Dex+2} (Trog gifted it to you on level 8 of the Dungeon)
  8761 | D:8      | Received a gift from Trog
  8784 | D:8      | Reached skill level 10 in Armour
  8806 | D:8      | Noticed Pikel
  8816 | D:8      | Killed Pikel
  8907 | D:8      | Found a blossoming altar of Fedhas.
  9335 | D:9      | Noticed a manticore
  9347 | D:9      | Killed a manticore
  9551 | D:9      | Noticed a two-headed ogre
  9561 | D:9      | Killed a two-headed ogre
  9562 | D:9      | Reached skill level 11 in Armour
  9637 | D:9      | Reached XP level 11. HP: 82/82 MP: 10/10
  9641 | D:9      | Reached skill level 10 in Maces & Flails
 11049 | D:10     | Entered Level 10 of the Dungeon
 11183 | D:10     | Noticed a two-headed ogre
 11189 | D:10     | Killed a two-headed ogre
 11447 | D:10     | Reached skill level 12 in Armour
 11835 | D:11     | Found a staircase to the Lair.
 11846 | D:11     | Noticed a white ugly thing
 11851 | D:11     | Reached skill level 5 in Fighting
 11867 | D:11     | Noticed a two-headed ogre
 11874 | D:11     | Killed a white ugly thing
 11881 | D:11     | Killed a two-headed ogre
 11965 | Lair:1   | Entered Level 1 of the Lair of Beasts
 11978 | Lair:1   | Identified the +8 flail "Tattletale" {vamp, rF+ Str+4}
 12099 | Lair:1   | Received a gift from Trog
 12362 | Lair:1   | Identified the ring of Muim {Fly rElec rCorr Dex-3 Stlth+}
 12373 | Lair:1   | Noticed an oklob plant
 12820 | Lair:2   | Reached XP level 12. HP: 89/97 MP: 11/11
 13475 | Lair:2   | Found a hole to the Spider Nest.
 13482 | Lair:2   | Reached skill level 13 in Armour
 13640 | Lair:2   | Reached XP level 13. HP: 105/105 MP: 12/12
 14160 | Lair:3   | Found a staircase to the Swamp.
 14217 | Lair:3   | Noticed Gastronok
 14241 | Lair:3   | Killed Gastronok
 14565 | Lair:3   | Received a gift from Trog
 15133 | Lair:4   | Identified 6 scrolls of acquirement
 15133 | Lair:4   | Acquired a manual of Shields
 15136 | Lair:4   | Acquired the +2 hood of the Assassin {Detection Stab+
                  | Stlth++}
 15136 | Lair:4   | Found the +2 hood of the Assassin {Detection Stab+ Stlth++}
 15149 | Lair:4   | Acquired a manual of Maces & Flails
 15151 | Lair:4   | Acquired a manual of Dodging
 15279 | Lair:4   | Found a runed translucent gate.
 15279 | Lair:4   | Found a runed translucent gate.
 15279 | Lair:4   | Found a runed translucent gate.
 15279 | Lair:4   | Noticed an acid blob
 15279 | Lair:4   | Noticed a rockslime
 15279 | Lair:4   | Noticed a rockslime
 15280 | Lair:4   | Noticed an azure jelly
 15280 | Lair:4   | Noticed an azure jelly
 15280 | Lair:4   | Noticed an acid blob
 15280 | Lair:4   | Noticed an azure jelly
 15281 | Lair:4   | Noticed marklar909's ghost (journeyman PaAK)
 15281 | Lair:4   | Noticed an acid blob
 15281 | Lair:4   | Noticed an azure jelly
 15282 | Lair:4   | Noticed an azure jelly
 15378 | Lair:4   | Reached skill level 14 in Armour
 15391 | Lair:4   | Noticed Nergalle
 15400 | Lair:4   | Killed Nergalle
 15602 | Lair:4   | Reached XP level 14. HP: 118/118 MP: 13/13
 15837 | Lair:4   | Reached skill level 5 in Dodging
 16155 | Lair:4   | Found a viscous altar of Jiyva.
 16190 | Lair:5   | Reached skill level 15 in Armour
 16345 | Lair:5   | Received a gift from Trog
 16346 | Lair:5   | Reached skill level 10 in Fighting
 16975 | Lair:5   | Reached skill level 10 in Shields
 17174 | Lair:5   | Reached skill level 16 in Armour
 17632 | D:11     | Reached ****** piety under Trog
 17944 | D:11     | Found Ogu Osmo's Weapon Boutique.
 18087 | D:11     | Found a staircase to the Orcish Mines.
 18377 | D:11     | Found the +3 warlock's mirror {reflect}
 18420 | D:11     | Received a gift from Trog
 18564 | Orc:1    | Entered Level 1 of the Orcish Mines
 18567 | Orc:1    | Found a dark tunnel.
 18576 | Volcano  | Entered a volcano
 18965 | Volcano  | Found a radiant altar of Vehumet.
 18976 | Volcano  | Reached XP level 15. HP: 130/130 MP: 14/14
 19590 | Orc:1    | Noticed Urug
 19600 | Orc:1    | Killed Urug
 19886 | Orc:1    | Noticed Harold
 19896 | Orc:1    | Killed Harold
 20060 | Orc:2    | Entered Level 2 of the Orcish Mines
 20074 | Orc:2    | Reached skill level 10 in Dodging
 20156 | Orc:2    | Noticed Sonja
 20162 | Orc:2    | Killed Sonja
 20217 | Orc:2    | Noticed Donald
 20235 | Orc:2    | Killed Donald
 20448 | Orc:2    | Found Jaqiut's Antique Armour Shoppe.
 20448 | Orc:2    | Found Exuicvar's Distillery.
 20450 | Orc:2    | Found Galy's Distillery.
 20450 | Orc:2    | Found Babrawer's Assorted Antiques.
 20484 | Orc:2    | Reached skill level 17 in Armour
 20518 | Orc:2    | Noticed Azrael
 20523 | Orc:2    | Killed Azrael
 20635 | Orc:2    | Bought a potion of heal wounds for 55 gold pieces
 20635 | Orc:2    | Bought a potion of curing for 33 gold pieces
 20636 | Orc:2    | Bought a blackened ring mail for 225 gold pieces
 20636 | Orc:2    | Identified the +3 ring mail "Toemoasm" {Int+3} (You bought
                  | it in a shop on level 2 of the Orcish Mines)
 20636 | Orc:2    | Bought a pair of glowing gloves for 187 gold pieces
 20649 | Orc:2    | Bought a potion of resistance for 150 gold pieces
 20649 | Orc:2    | Bought a potion of curing for 45 gold pieces
 20649 | Orc:2    | Bought a potion of curing for 45 gold pieces
 20650 | Orc:2    | Bought a pair of glowing boots for 255 gold pieces
 20733 | Orc:2    | Found a staircase to the Elven Halls.
 21326 | Swamp:1  | Entered Level 1 of the Swamp
 21571 | Swamp:1  | Received a gift from Trog
 22259 | Swamp:1  | Identified the +0 long sword "Ikeihu Kell" {speed, Will+
                  | Dex+6}
 22561 | Swamp:2  | Reached skill level 15 in Shields
 22566 | Swamp:2  | Reached XP level 16. HP: 68/143 MP: 15/15
 22660 | Swamp:2  | Noticed Jorgrun
 22667 | Swamp:2  | Killed Jorgrun
 22901 | Swamp:2  | You fall into a shaft and drop 1 floor!
 23089 | Swamp:2  | Identified the +5 rapier of Watchfulness {freeze, rElec}
 23162 | Swamp:2  | Reached skill level 18 in Armour
 23434 | Swamp:3  | Noticed a thorn hunter
 23443 | Swamp:3  | Killed a thorn hunter
 23475 | Swamp:3  | Received a gift from Trog
 23824 | Swamp:3  | Acquired 1231 gold pieces
 23825 | Swamp:3  | Acquired the +5 kite shield of Qeitoam {rElec Stlth+}
 24563 | Swamp:4  | Entered Level 4 of the Swamp
 24625 | Swamp:4  | Noticed a thorn hunter
 24664 | Swamp:4  | Killed a thorn hunter
 24986 | Swamp:4  | Received a gift from Trog
 25002 | Swamp:4  | Reached skill level 15 in Dodging
 25184 | Swamp:4  | Got a decaying rune of Zot
 25290 | Swamp:4  | Identified the +5 battleaxe of Harmony {freeze, Dex+3}
 25697 | Spider:1 | Entered Level 1 of the Spider Nest
 26194 | Spider:1 | Reached skill level 19 in Armour
 26428 | Spider:1 | Reached XP level 17. HP: 146/154 MP: 16/16
 26635 | Spider:1 | Reached skill level 15 in Fighting
 27989 | Spider:3 | Identified the +0 scale mail of Claustrophobia {rC+ Str+2
                  | Dex-2 Stlth+}
 28424 | Spider:4 | Entered Level 4 of the Spider Nest
 28475 | Spider:4 | Noticed Mlioglotl
 28605 | Spider:4 | Got a gossamer rune of Zot
 29030 | Spider:4 | Killed Mlioglotl
 29031 | Spider:4 | Reached skill level 20 in Armour
 29171 | Spider:4 | Gained mutation: You are clumsy. (Dex -2) [mutagenic glow]
 29192 | Spider:4 | Gained mutation: Armour fits poorly on your strangely
                  | shaped body. [mutagenic glow]
 29205 | Spider:4 | Gained mutation: Your spells are a little easier to cast,
                  | but a little less powerful. [mutagenic glow]
 29354 | Spider:4 | Received a gift from Trog
 30487 | D:13     | Found a transporter.
 30643 | D:13     | Reached XP level 18. HP: 158/168 MP: 17/17
 31029 | D:13     | Found a transporter.
 31274 | D:13     | Paralysed by a sphinx for 4 turns
 31906 | D:13     | Received a gift from Trog
 32310 | D:14     | Found a stormy altar of Qazlal.
 32722 | D:14     | Found a gate to the Vaults.
 32975 | Vaults:1 | Entered Level 1 of the Vaults
 33332 | Vaults:1 | Reached skill level 21 in Armour
 33895 | Vaults:1 | Received a gift from Trog
 33921 | Vaults:1 | Found a huge runed gate.
 33921 | Vaults:1 | Found a huge runed gate.
 33921 | Vaults:1 | Found a huge runed gate.
 33921 | Vaults:1 | Found a huge runed gate.
 33921 | Vaults:1 | Found a huge runed gate.
 33921 | Vaults:1 | Found a huge runed gate.
 33923 | Vaults:1 | Found a huge runed gate.
 33923 | Vaults:1 | Found a huge runed gate.
 33924 | Vaults:1 | Found a huge runed gate.
 33924 | Vaults:1 | Found a huge runed gate.
 33924 | Vaults:1 | Found a huge runed gate.
 33924 | Vaults:1 | Found a huge runed gate.
 33924 | Vaults:1 | Found a huge runed gate.
 33925 | Vaults:1 | Found a huge runed gate.
 33929 | Vaults:1 | Found a huge runed gate.
 33930 | Vaults:1 | Found a huge runed gate.
 33939 | Vaults:1 | Found a huge runed gate.
 33939 | Vaults:1 | Found a huge runed gate.
 33939 | Vaults:1 | Found a huge runed gate.
 33939 | Vaults:1 | Found a huge runed gate.
 33939 | Vaults:1 | Found a huge runed gate.
 33939 | Vaults:1 | Found a huge runed gate.
 33940 | Vaults:1 | Found a huge runed gate.
 33941 | Vaults:1 | Found a huge runed gate.
 33942 | Vaults:1 | Found a huge runed gate.
 33950 | Vaults:1 | Found a huge runed gate.
 33950 | Vaults:1 | Found a huge runed gate.
 33950 | Vaults:1 | Found a huge runed gate.
 33950 | Vaults:1 | Found a huge runed gate.
 33950 | Vaults:1 | Found a huge runed gate.
 33950 | Vaults:1 | Found a huge runed gate.
 33951 | Vaults:1 | Found a huge runed gate.
 33952 | Vaults:1 | Found a huge runed gate.
 33953 | Vaults:1 | Found a huge runed gate.
 33961 | Vaults:1 | Found a huge runed gate.
 33961 | Vaults:1 | Found a huge runed gate.
 34074 | Vaults:1 | Reached XP level 19. HP: 47/171 MP: 18/18
 34076 | Vaults:1 | Slain by a vault warden

Illustrated notes

Levels and vault maps discovered:
D:1:      sevenhm_arrival_forest_fort_large_3, layout_basic,
          serial_corexii_hall, corexii_hall_statues_i,
          corexii_hall_statues_deadend, corexii_hall_statues_s,
          solitary_fountain, grunt_decor_one_mirror
D:2:      minmay_razor_zed, layout_basic
D:3:      gammafunk_wand_slinger, layout_basic
D:4:      corexii_shantytown, layout_loops_ring, mainiacjoe_overflow_chevrons,
          temple_pool_b
D:5:      minmay_inner_zag, layout_basic, grunt_temple_overflow_open
D:6:      layout_cave_pods, glass_columns_a, uniq_eustachio
D:7:      layout_loops_ring, okawaru_altar_gauntlet_db,
          nicolae_ossuary_entry_false_entrances, uniq_maggie
D:8:      layout_cave_pools, mainiacjoe_overflow_alcove_1, uniq_maurice,
          uniq_pikel
D:9:      layout_layer_cave, serial_glass, glass_columns_b, glass_columns_a,
          eino_curves_02, minmay_fractal_squares_diagonal_5
D:10:     layout_loops_ring
D:11:     minmay_smoke_and_mirrors, layout_loops_ring,
          due_lair_maze_entry_diamond, hiddenorc1_lemuel, serial_shops,
          nicolae_shop_hallway_plus
D:12:     layout_loops_ring, st_stairs_7
D:13:     gammafunk_dig_for_victory, layout_gridville
D:14:     layout_loops_ring, grunt_vaults_entry_fortified,
          nicolae_qazlal_scattered_showers,
          hangedman_abyss_or_decor_jellyfish_corner, kennysheep_another_room
Lair:1:   dpeg_oklob_gauntlet, layout_loops_ring, serial_bayou_shore_b,
          serial_bayou_shore_b, grunt_megastairs_5
Lair:2:   layout_regular_city, spider_nest_entry_funnel_web,
          grunt_forest_stairs_basic, minmay_lindwurm_lava
Lair:3:   layout_long_grid, nicolae_swamp_entry_splash_gauntlet, special_room
          [special_room_bee], serial_bayou_pond_c,
          chequers_serial_rivers_micro_c, uniq_gastronok
Lair:4:   nzn_winding_woodlands_cross [nzn_winding_woodlands_5x15_garden,
          nzn_winding_woodlands_5x15_eye, nzn_winding_woodlands_5x15_sidewinder,
          nzn_winding_woodlands_5x15_parted,
          nzn_winding_woodlands_15x15_boxy_spiral], layout_loops_ring,
          gammafunk_ghost_ooze, serial_bayou_ford_a, kennysheep_basilisk_garden,
          uniq_nergalle
Lair:5:   layout_cave_pods, special_room [special_room_mythical_zoo]
Swamp:1:  layout_basic_swamp, nicolae_swamp_decorative_isthmus, swamp_pool5,
          nicolae_swamp_super_fun_site
Swamp:2:  layout_basic_swamp, serial_swamp_ruin, evilmike_swamp_ruin_house_6,
          evilmike_swamp_ruin_house_2, uniq_jorgrun
Swamp:3:  layout_falls_marsh, evilmike_swamp_ruin_house_3, swamp_pool3,
          infiniplex_staircase_pool_2
Swamp:4:  swamp_alternative, layout_basic_swamp, swamp_pool1
Spider:1: layout_spider_delve, nicolae_spider_wall_of_niches
Spider:2: layout_spider_delve
Spider:3: layout_cave_pods
Spider:4: hellmonk_spider_rune_endless_swarm, uniq_mlioglotl
Orc:1:    layout_diamond_mine, nicolae_volcano_entry_hallway, uniq_harold,
          uniq_urug
Orc:2:    st_orc_ogre_mass, layout_caves, uniq_azrael, uniq_donald, uniq_sonja
Vaults:1: v_misc_19, v_misc_29, v_pattern_2, hangedman_vaults_capsules,
          nicolae_vaults_network_square, door_vault, vaults_room_door_hall,
          nicolae_vaults_little_ls, nicolae_vaults_sealed_display,
          layout_vaults_omnicross

Skill      XL: |  1  2  3  4  5  6  7  8  9 10 11 12 13 14 15 16 17 18 |
---------------+-------------------------------------------------------+-----
Axes           | 4 5 6 7 8 11 12 | 12.9
Armour         | 3 4 5 7 9 11 12 13 14 16 17 19 20 21 | 21.2
Shields        | 2 4 5 6 7 11 15 17 18 19 | 19.8
Maces & Flails | 4 9 13 16 18 | 18.5
Fighting       | 6 7 9 11 13 14 16 17 | 17.8
Dodging        | 3 9 13 15 17 18 | 18.1

Action                   |  1- 3 |  4- 6 |  7- 9 | 10-12 | 13-15 | 16-18 | 19-21 || total
-------------------------+-------+-------+-------+-------+-------+-------+-------++-------
Melee: Hand axe          |    63 |   172 |   209 |       |       |       |       ||   444
       Headbutt          |     5 |    19 |    59 |    76 |   213 |   375 |       ||   747
       Mace              |       |       |    27 |   240 |       |       |       ||   267
       Flail             |       |       |     7 |   109 |   933 |  1357 |     1 ||  2407
Invok: Berserk           |       |     1 |     5 |     5 |     9 |    12 |       ||    32
       Brothers in Arms  |       |       |       |       |     2 |    12 |     1 ||    15
       Trog's Hand       |       |       |       |       |       |     2 |       ||     2
Evoke: Wand              |       |       |       |       |     1 |       |       ||     1
  Use: Scroll            |       |     6 |     2 |     7 |    17 |    10 |       ||    42
       Potion            |       |     2 |       |     1 |     2 |    15 |     1 ||    21
 Stab: Sleeping          |     1 |       |       |       |     1 |    12 |       ||    14
       Distracted        |       |       |       |       |     1 |     2 |       ||     3
       Confused          |       |       |       |       |       |     3 |       ||     3
Armor: Ring mail         |    18 |     9 |       |       |       |       |       ||    27
       Scale mail        |       |    21 |    23 |       |       |       |       ||    44
       Chain mail        |       |       |    35 |   108 |   379 |   567 |     3 ||  1092
Dodge: Dodged            |    30 |    54 |    60 |    68 |   378 |   704 |     5 ||  1299
Block: Buckler           |       |    48 |    99 |   109 |   576 |    54 |       ||   886
       Other             |       |     8 |       |       |       |       |       ||     8
       Reflection        |       |     4 |     4 |     4 |    21 |    59 |       ||    92
       Kite shield       |       |       |       |       |       |  1727 |     8 ||  1735

Table legend: (Time is in decaauts)
 A = Elapsed time spent in this place.
 B = Non-inter-level travel time spent in this place.
 C = Inter-level travel time spent in this place.
 D = Time resting spent in this place.
 E = Time spent auto-exploring this place.
 F = Levels seen in this place.
 G = Mean time per level.
                   A        B        C        D        E       F      G
               +--------+--------+--------+--------+--------+-----+--------+
         Total |  33816 |  31943 |   1873 |   4977 |  20430 |  32 | 1056.8 |
       Dungeon |  15997 |  15027 |    970 |   1873 |  10581 |  14 | 1142.6 |
          Lair |   5587 |   5147 |    440 |    306 |   3849 |   5 | 1117.4 |
         Swamp |   4469 |   4284 |    185 |   1373 |   2038 |   4 | 1117.2 |
   Spider Nest |   3907 |   3743 |    164 |    723 |   2027 |   4 |  976.8 |
  Orcish Mines |   1623 |   1510 |    113 |    137 |   1081 |   2 |  811.5 |
        Vaults |   1039 |   1039 |      0 |    234 |    484 |   1 | 1039.0 |
       Ossuary |    214 |    214 |      0 |      0 |     91 |   1 |  214.0 |
       Volcano |    977 |    977 |      0 |    329 |    277 |   1 |  977.0 |
               +--------+--------+--------+--------+--------+-----+--------+

Top non-repeatable levels by time:
     D:9: 1700 daAuts
     D:2: 1610 daAuts
  Lair:3: 1355 daAuts
 Swamp:2: 1329 daAuts
 Swamp:3: 1324 daAuts
     D:6: 1301 daAuts
    D:13: 1273 daAuts
    D:11: 1257 daAuts
     D:5: 1189 daAuts
     D:1: 1171 daAuts
Spider:4: 1152 daAuts
  Lair:5: 1149 daAuts
  Lair:2: 1127 daAuts
     D:7: 1125 daAuts
  Lair:4: 1070 daAuts
